 Dungeon Crawl Stone Soup version 0.20-a0-266-gdedccd6 (webtiles) character file.

246 PurpleRed the Skirmisher (level 5, -14/43 HPs)
             Began as a Mummy Fighter on Dec 5, 2016.
             Demolished by an orc priest
             ... wielding a +2 dagger of electrocution
              (18 damage)
             ... on level 3 of the Dungeon.
             The game lasted 00:03:51 (2528 turns).

PurpleRed the Skirmisher (Mummy Fighter)            Turns: 2528, Time: 00:03:52

Health: -14/43     AC:  7    Str: 20    XL:     5   Next: 84%
Magic:  5/5        EV:  7    Int:  7    God:
Gold:   150        SH:  9    Dex: 12    Spells: 4/4 levels left

rFire  x . .     SeeInvis .     a - +0 war axe
rCold  + . .     Gourm    .     b - +0 scale mail
rNeg   + + +     Faith    .     c - +0 shield
rPois  ∞         Spirit   .     (no helmet)
rElec  .         Reflect  .     (no cloak)
rCorr  +         Harm     .     (no gloves)
MR     .....                    g - +0 pair of boots
Stlth  ..........               (no amulet)
                                (no ring)
                                i - ring of resist corrosion

@: no status effects
A: no food or potions, fire vulnerability, cold resistance 1, negative energy
resistance 3, torment resistance, unbreathing
a: no special abilities


You were on level 3 of the Dungeon.
You were not hungry.

You visited 1 branch of the dungeon, and saw 3 of its levels.

You collected 150 gold pieces.

Inventory:

Hand Weapons
 a - a +0 war axe (weapon)
 j - a +0 flail
Armour
 b - a +0 scale mail (worn)
 c - a +0 shield (worn)
 g - a +0 pair of boots (worn)
Jewellery
 i - a ring of resist corrosion (left hand)
Scrolls
 d - 2 scrolls of remove curse
 e - 2 scrolls of teleportation
 k - 2 scrolls of fog


   Skills:
 + Level 4.6 Fighting
 * Level 4.2 Axes
 - Level 2.4 Armour
 - Level 2.4 Shields


You had 4 spell levels left.
You didn't know any spells.

Dungeon Overview and Level Annotations

Branches:
Dungeon (3/15)

Altars:
Cheibriados
Xom


Innate Abilities, Weirdness & Mutations

You do not eat or drink.
Your flesh is vulnerable to fire.
You are immune to poison.
Your flesh is cold resistant. (rC+)
You are immune to negative energy. (rN+++)
You are immune to unholy pain and torment.
You can survive without breathing.


Message History

Your shield and scale mail prevent you from hitting the orc.
You block the orc's attack. The orc priest barely misses you.
You slash the orc priest!
The orc priest is severely wounded.
You hit the orc. You closely miss the orc. You block the orc's attack.
The orc hits you but does no damage.
The orc priest hits you but does no damage.
You are electrocuted!
* * * LOW HITPOINT WARNING * * *
The orc closely misses you. The orc hits you but does no damage.
You can't drink.
Unknown command.
You hit the orc priest.
The orc priest is almost dead.
You hit the orc. You slash the orc!
You kill the orc!
You block the orc priest's attack. The orc hits you but does no damage.
The orc priest hits you but does no damage.
You are electrocuted!
You die...

################..##.........#
#.........#..........###.....#
#.#######.#.#....)############
#.# ####......................
#.# #.......#...#...#..#..#..#
#.###.##..###.[##.............
#.........# #..##...#..#..#..#
#.........###o(##.............
#.###.##...oo@.###############
#.###.###.###)..## #.# #.....#
#.##.....## ###.# #.##.##
#.#.......## ##.#.#
#.#...###..........####....###
#.................)'..........
#.#...####.........####....###
#..#.## ##.......## ##.#.#
###.## ##.....## ###.#


You could see an orc priest and 2 orcs.

Vanquished Creatures
  A necrophage (D:3)
  Natasha (twice) (D:3)
  2 adders
  An ooze (D:3)
  2 leopard geckos
  8 orcs (D:3)
  7 giant cockroaches
  13 hobgoblins
  3 jackals (D:3)
  A quokka (D:3)
  2 ball pythons
  7 bats
  2 frilled lizards (D:1)
  4 goblins
  6 kobolds
  18 rats
79 creatures vanquished.

Notes
Turn   | Place    | Note
-------+----------+-------------------------------------------
     0 | D:1      | PurpleRed the Mummy Fighter began the quest for the Orb.
     0 | D:1      | Reached XP level 1. HP: 18/18 MP: 1/1
   135 | D:1      | Reached XP level 2. HP: 24/24 MP: 2/2
   612 | D:1      | Reached XP level 3. HP: 29/29 MP: 3/3
  1452 | D:2      | Found a shimmering altar of Xom.
  1541 | D:3      | Found a shimmering altar of Xom.
  1549 | D:3      | Found a shimmering altar of Xom.
  1549 | D:3      | Found a shimmering altar of Xom.
  1572 | D:3      | Found a shimmering altar of Xom.
  1572 | D:3      | Found a shimmering altar of Xom.
  1579 | D:3      | Found a shimmering altar of Xom.
  1579 | D:3      | Found a shimmering altar of Xom.
  1625 | D:3      | Reached XP level 4. HP: 34/37 MP: 4/4
  1802 | D:3      | Found a snail-covered altar of Cheibriados.
  1888 | D:3      | Noticed a necrophage
  1895 | D:3      | Killed a necrophage
  1895 | D:3      | Reached XP level 5. HP: 37/42 MP: 5/5
  2068 | D:3      | Noticed Natasha
  2072 | D:3      | Killed Natasha
  2352 | D:3      | Noticed Natasha
  2364 | D:3      | Killed Natasha
  2528 | D:3      | Demolished by an orc priest

Vault maps used:
D:1:      onia_arrival_larder
D:2:      nicolae_overflow_crystal_walls, kennysheep_generic_room_16
D:3:      lightli_temple_of_fire, lemuel_coloured_pillars_altar, first_bread,
          columned_hall_lemuel, nicolae_xom_altar_mimics, uniq_natasha

Skill      XL: |  1  2  3  4  5 |
---------------+----------------+-----
Axes           | 2 3 4 |  4.2
Fighting       | 4 |  4.6
Armour         | |  2.4
Shields        | |  2.4

Action                   |  1- 3 |  4- 6 || total
-------------------------+-------+-------++-------
Melee: War axe           |   148 |    85 ||   233
  Use: Scroll            |     2 |     3 ||     5
Armor: Scale mail        |    67 |    37 ||   104
Dodge: Dodged            |    35 |    24 ||    59
Block: Shield            |    78 |    36 ||   114
